AoeStats
← ITA | Raffy

Hill Fort

504803078Analyzed
2v2 RM · 25d ago on Sep 6, 2026· 64m 16s· 4 players
Game mode
Random Map
Map size
Medium (4 player)
Population
200
Speed
Normal
Resources
Standard
Victory
Conquest
Starting age
Dark Age
Ending age
Imperial Age
RankedLock teamsTeams togetherTeam positionsShared explorationLock speedFull tech treeHidden civsTurbo modeCheats
Victory
Defeat
🇮🇪 Turks · Ireland
1344
+16
🇺🇸 Dravidians · United States
1318
+17
🇮🇹 Berbers · Italy
1403
-19
🇮🇹 Hindustanis · Italy
1286
-14
HardmanGunner
10:22 Feudal Age
13:23 Loom
16:15 Castle Age
14:25 Double-Bit Axe
21:51 Imperial Age
20:35 Padded Archer Armor
20:16 Horse Collar
22:47 Gold Mining
36:14 Wheelbarrow
36:22 Heavy Plow
37:45 Scale Barding Armor
38:10 Town Watch
39:01 Leather Archer Armor
41:02 Bloodlines
40:52 Husbandry
41:15 Chain Barding Armor
41:05 Forging
45:43 Plate Barding Armor
44:44 Heavy Camel Rider
45:55 Conscription
47:36 Iron Casting
47:31 Bow Saw
55:58 Hand Cart
57:00 Blast Furnace
63:24 Town Patrol
64:36 Two-Man Saw
Protein Shake
5:01 Loom
11:43 Feudal Age
16:52 Castle Age
15:01 Gold Mining
15:03 Double-Bit Axe
16:21 Wheelbarrow
15:43 Horse Collar
18:11 Bow Saw
19:40 Hand Cart
21:33 Town Watch
25:22 Heavy Plow
31:50 Imperial Age
29:31 Scale Mail Armor
30:17 Forging
30:28 Squires
30:14 Arson
30:38 Stone Mining
31:49 Iron Casting
31:30 Chain Mail Armor
33:31 Blast Furnace
33:39 Conscription
35:16 Plate Mail Armor
34:35 Elite Urumi Swordsman
35:51 Town Patrol
37:11 Wootz Steel
38:33 Two-Man Saw
38:13 Hoardings
38:02 Pikeman
38:34 Fletching
39:45 Bodkin Arrow
39:40 Halberdier
40:52 Bracer
41:54 Chemistry
41:05 Masonry
41:16 Ballistics
43:29 Padded Archer Armor
44:29 Thumb Ring
43:44 Elite Elephant Archer
45:13 Leather Archer Armor
47:29 Ring Archer Armor
51:08 Guilds
53:45 Medical Corps
54:09 Caravan
54:00 Elite Skirmisher
56:01 Siege Elephant
Tattico87
7:13 Loom
12:09 Feudal Age
16:11 Castle Age
14:25 Double-Bit Axe
15:41 Horse Collar
17:17 Bow Saw
17:09 Heavy Plow
22:44 Husbandry
23:07 Scale Barding Armor
23:37 Gold Mining
24:48 Bloodlines
25:47 Forging
26:21 Chain Barding Armor
27:34 Wheelbarrow
28:37 Iron Casting
30:43 Gold Shaft Mining
30:45 Wheelbarrow
35:04 Imperial Age
32:49 Hand Cart
35:17 Stone Mining
35:08 Cavalier
36:28 Plate Barding Armor
36:54 Blast Furnace
37:01 Crop Rotation
37:14 Stone Shaft Mining
37:59 Redemption
39:59 Fletching
40:09 Padded Archer Armor
42:25 Coinage
43:14 Leather Archer Armor
42:56 Bodkin Arrow
43:33 Ballistics
42:53 Treadmill Crane
44:14 Chemistry
42:59 Treadmill Crane
43:41 Ballistics
44:26 Conscription
44:37 Heavy Camel Rider
45:48 Bracer
46:44 Banking
46:14 Caravan
49:21 Maghrebi Camels
52:00 Light Cavalry
54:59 Hussar
57:05 Chemistry
56:06 Elite Skirmisher
56:51 Thumb Ring
56:07 Elite Genitour
ITA | Raffy
10:43 Feudal Age
14:23 Castle Age
12:33 Horse Collar
12:53 Double-Bit Axe
13:04 Horse Collar
13:26 Loom
15:26 Bow Saw
21:21 Wheelbarrow
21:17 Heavy Plow
23:39 Hand Cart
28:38 Imperial Age
27:48 Masonry
28:28 Padded Archer Armor
28:19 Fletching
28:53 Ballistics
28:30 Murder Holes
30:19 Chemistry
29:27 Shatagni
29:47 Conscription
30:23 Gold Mining
30:23 Stone Mining
30:55 Leather Archer Armor
30:42 Murder Holes
35:50 Grand Trunk Road
36:34 Ring Archer Armor
45:06 Siege Engineers
49:15 Light Cavalry
50:06 Bloodlines
49:56 Husbandry
50:15 Caravan
52:18 Hoardings
51:47 Squires
51:32 Arson
51:40 Heavy Camel Rider
52:40 Scale Barding Armor
52:45 Forging
53:29 Fortified Wall
54:34 Elite Skirmisher
57:36 Chain Barding Armor
57:52 Iron Casting
59:04 Plate Barding Armor
58:25 Bodkin Arrow
58:27 Imperial Camel Rider
61:12 Blast Furnace
63:32 Scale Mail Armor
63:42 Bracer
Connection lost

Rejoining the realm…

Still unreachable

The connection could not be restored.

Session expired

The server has moved on; the page needs a fresh start.